 Dungeon Crawl Stone Soup version 0.29-a0-286-g41199d4a87 (webtiles) character file.

Game seed: 13520963042498722547

68 Dabor the Skirmisher (level 4, 0/29 HPs)
             Began as a Gargoyle Fighter on Mar 16, 2022.
             Slain by a ball python (1 damage)
             ... on level 3 of the Dungeon.
             The game lasted 00:03:31 (2452 turns).

Dabor the Skirmisher (Gargoyle Fighter)             Turns: 2452, Time: 00:03:32

Health: 0/29       AC: 10    Str: 22    XL:     4   Next: 19%
Magic:  4/4        EV:  9    Int:  8    God:
Gold:   109        SH:  4    Dex:  9    Spells: 3/3 levels left

rFire   . . .      SeeInvis .   a - +0 flail
rCold   . . .      Faith    .   c - +0 buckler
rNeg    + . .      Spirit   .   b - +0 scale mail
rPois   ∞          Reflect  .   (no helmet)
rElec   +          Harm     .   (no cloak)
rCorr   .          Rampage  .   (no gloves)
Will    .....                   (no boots)
Stlth   ..........              (no amulet)
HPRegen 0.09/turn               (no ring)
MPRegen 0.09/turn               (no ring)

@: no status effects
A: sickness immunity, AC +3, negative energy resistance 1, electricity
resistance, torment resistance 1, petrification resistance
a: no special abilities


You were on level 3 of the Dungeon.
You visited 1 branch of the dungeon, and saw 3 of its levels.

You collected 109 gold pieces.

Inventory:

Hand Weapons
 a - a +0 flail (weapon)
Armour
 b - a +0 scale mail (worn)
 c - a +0 buckler (worn)
Scrolls
 e - a scroll of holy word
 f - a scroll of identify
Potions
 d - 2 potions of might
 g - a potion of berserk rage {unknown}
 h - a potion of brilliance {unknown}
 i - a potion of heal wounds {unknown}
 k - a potion of lignification {unknown}
 l - a potion of degeneration {unknown}


   Skills:
 + Level 3.8 Fighting
 + Level 2.5 Maces & Flails
 + Level 1.1 Throwing
 + Level 3.7 Armour
 + Level 1.1 Dodging
 - Level 3.3 Shields


You had 3 spell levels left.
You didn't know any spells.
Your spell library was empty.

Dungeon Overview and Level Annotations

Branches:
Dungeon (3/15)

Altars:


Innate Abilities, Weirdness & Mutations

You are immune to sickness and miasma.
Your stone body is resilient. (AC +3)
You are immune to poison.
You resist negative energy. (rN+)
You are resistant to electric shocks. (rElec)
You are resistant to unholy torment.
You are immune to petrification.


Message History

You are too injured to fight recklessly!
There are monsters nearby!
You are too injured to fight recklessly!
There are monsters nearby!
You are too injured to fight recklessly!
There are monsters nearby!
You are too injured to fight recklessly!
There are monsters nearby!
The gnoll attacks as you move away! The gnoll barely misses you.
The gnoll hits you from afar with a +0 spear!
* * * LOW HITPOINT WARNING * * *
The gnoll hits you but does no damage.
The endoplasm hits you but does no damage.
As you read the scroll labelled XOFYERCHISHU, it crumbles to dust.
It is a scroll of identify.
e - a scroll of holy word The gnoll hits you from afar with a +0 spear.
* * * LOW HITPOINT WARNING * * *
The gnoll hits you but does no damage. The gnoll barely misses you.
The endoplasm freezes you.
You are frozen.
* * * LOW HITPOINT WARNING * * *
As you read the scroll labelled WARCHI BUETAJO, it crumbles to dust.
You assume a fearsome visage.
The endoplasm looks frightened!
The gnoll looks frightened! x3; It was a scroll of fear.
Found 7 gold pieces.
A giant cockroach comes into view.
The giant cockroach bites you but does no damage.
You barely miss the giant cockroach.
The giant cockroach bites you but does no damage.
The giant cockroach barely misses you.
You closely miss the giant cockroach. The giant cockroach bites you.
* * * LOW HITPOINT WARNING * * *
The giant cockroach closely misses you.
You sock the giant cockroach!
You kill the giant cockroach!
A ball python comes into view.
The ball python hisses angrily.
The ball python bites you.
You die...

#. #..#.........#
#.#
#$.#.##.........#
#.#
#..#.##.........#
#........########
####.######... .#
#.######.# .#####
#........# .....
######...###S.#
#.....@..#
#.....##.#
##.#### # #.# #..
###


You could see a ball python.

Vanquished Creatures
  An adder (D:2)
  A worm (D:2)
  3 dart slugs (D:1)
  3 endoplasms
  4 giant cockroaches
  3 goblins (D:2)
  2 hobgoblins
  8 jackals (D:1)
  A quokka (D:3)
  5 ball pythons
  8 bats
  2 kobolds
  6 rats
47 creatures vanquished.

Vanquished Creatures (others)
  4 toadstools (D:1)
4 creatures vanquished.

Grand Total: 51 creatures vanquished

Notes
Turn   | Place    | Note
-------+----------+-------------------------------------------
     0 | D:1      | Dabor the Gargoyle Fighter began the quest for the Orb.
     0 | D:1      | Reached XP level 1. HP: 14/14 MP: 1/1
   328 | D:1      | Reached XP level 2. HP: 11/19 MP: 2/2
  1374 | D:1      | Reached XP level 3. HP: 19/23 MP: 3/3
  1854 | D:2      | Reached skill level 1 in Throwing
  2012 | D:2      | Reached skill level 1 in Dodging
  2140 | D:2      | Reached XP level 4. HP: 29/29 MP: 4/4
  2446 | D:3      | HP: 1/29 [giant cockroach (2)]
  2452 | D:3      | Slain by a ball python

Illustrated notes

Levels and vault maps discovered:
D:1:      ldierk_walled_garden_2, layout_loops_corners
D:2:      layout_basic
D:3:      layout_loops_cross, serial_shops, shop, minmay_misc_feat_alley,
          eino_tiny_chamber

Skill      XL: |  1  2  3 |
---------------+----------+-----
Throwing       | 1 |  1.1
Dodging        | 1 |  1.1
Fighting       | |  3.8
Maces & Flails | |  2.5
Armour         | |  3.7
Shields        | |  3.3

Action                   |  1- 3 |  4- 6 || total
-------------------------+-------+-------++-------
Melee: Flail             |   128 |    22 ||   150
  Use: Scroll            |       |     2 ||     2
Armor: Scale mail        |    91 |    15 ||   106
Dodge: Dodged            |    75 |    19 ||    94
Block: Buckler           |    36 |     7 ||    43

Table legend: (Time is in decaauts)
 A = Elapsed time spent in this place.
 B = Non-inter-level travel time spent in this place.
 C = Inter-level travel time spent in this place.
 D = Time resting spent in this place.
 E = Time spent auto-exploring this place.
 F = Levels seen in this place.
 G = Mean time per level.
                   A        B        C        D        E       F      G
               +--------+--------+--------+--------+--------+-----+--------+
         Total |   2503 |   2444 |     59 |    317 |   1744 |   3 |  834.3 |
       Dungeon |   2503 |   2444 |     59 |    317 |   1744 |   3 |  834.3 |
               +--------+--------+--------+--------+--------+-----+--------+

Top non-repeatable levels by time:
     D:1: 1809 daAuts
     D:2: 586 daAuts
     D:3: 107 daAuts
